Selects Heavy Armor Battlegroup
Construct Section Command Post
Construct Platoon Command Post
Selects Engineer Detachments
Selects Engineer Detachments
Selects Rigorous Vehicle Training
Selects Light Vehicle Withdraw and Refit
Construct Company Command Post
Selects Forward Repair Assembly
Unlock Towed 17-pounder Anti-tank Guns
17-pounder Anti-tank Gun Team
17-pounder Anti-tank Gun Team
17-pounder Anti-tank Gun Team
Selects Churchill Black Prince Heavy Tank
Churchill Black Prince Heavy Tank
17-pounder Anti-tank Gun Team
Churchill Black Prince Heavy Tank